 Dungeon Crawl Stone Soup version 0.23-a0-729-g94ec0301e6 (webtiles) character file.

88 Roikka the Caller (level 4, -1/24 HPs)
             Began as a Kobold Summoner on Jan 17, 2019.
             Slain by an iguana (8 damage)
             ... on level 4 of the Dungeon.
             The game lasted 00:14:31 (3411 turns).

Roikka the Caller (Kobold Summoner)                 Turns: 3411, Time: 00:14:31

Health: -1/24      AC:  2    Str:  6    XL:     4   Next: 82%
Magic:  5/8        EV: 16    Int: 16    God:
Gold:   124        SH:  0    Dex: 15    Spells: 2/8 levels left

rFire    . . .     SeeInvis .   a - +0 short sword
rCold    . . .     Gourm    .   (shield restricted)
rNeg     . . .     Faith    .   j - +0 robe
rPois    .         Spirit   .   w - +0 helmet
rElec    .         Reflect  .   (no cloak)
rCorr    .         Harm     .   (no gloves)
MR       .....                  x - -2 pair of boots (curse)
Stlth    +++.......             (no amulet)
HPRegen  0.08/turn              (no ring)
MPRegen  0.11/turn              (no ring)

@: no status effects
A: small, carnivore
a: no special abilities


You were on level 4 of the Dungeon.
You were completely stuffed.

You visited 1 branch of the dungeon, and saw 4 of its levels.

You collected 124 gold pieces.

Inventory:

Hand Weapons
 a - a +0 short sword (weapon)
Missiles
 f - 20 poisoned needles
Armour
 j - a +0 robe (worn)
 t - a +0 ring mail
 w - a +0 helmet (worn)
 x - a cursed -2 pair of boots (worn)
Jewellery
 m - a +5 ring of dexterity {unknown}
 u - a +2 ring of protection {unknown}
Wands
 v - a wand of random effects (14)
Scrolls
 d - 4 scrolls of fear {unknown}
 e - a scroll of enchant armour {unknown}
 g - 2 scrolls of fog {unknown}
 i - a scroll of blinking {unknown}
 n - 5 scrolls of identify {unknown}
 p - 2 scrolls of remove curse {unknown}
Potions
 b - 2 potions of magic {unknown}
 h - 2 potions of flight {unknown}
 k - a potion of haste {unknown}
 l - a potion of agility {unknown}
 o - 3 potions of invisibility {unknown}
 q - a potion of degeneration {unknown}
 s - a potion of curing {unknown}
Comestibles
 c - 6 rations


   Skills:
 + Level 3.3 Dodging
 + Level 3.9 Stealth
 + Level 2.9 Spellcasting
 * Level 4.6 Summonings


You had 2 spell levels left.
You knew the following spells:

 Your Spells              Type           Power        Failure   Level  Hunger
a - Summon Small Mammal   Summ           ###.         2%          1    #......
b - Call Imp              Summ           ###.....     4%          2    ##.....
c - Call Canine Familiar  Summ           ###.....     9%          3    ###....

Your spell library contained the following spells:

 Spells                   Type           Power        Failure   Level  Hunger
 Summon Guardian Golem    Hex/Summ       #.......     22%         3    ###....
 Summon Ice Beast         Ice/Summ       #.......     58%         4    #####..
 Summon Lightning Spire   Summ/Air       #.......     58%         4    #####..


Dungeon Overview and Level Annotations

Branches:
Dungeon (4/15)
 Temple: D:4-7

Altars:
The Shining One

Portals:
Ossuary: D:4

Annotations:
D:4 1 runed door, TheNamelessOne's ghost, amateur OpSk


Innate Abilities, Weirdness & Mutations

You are small and have problems with some larger weapons.
You are carnivorous and can eat meat at any time.


Message History

Your white imp gestures at the mummy.
The puff of frost hits the mummy.
The mummy resists.
The mummy hits you but does no damage.
You barely miss the mummy.
The mummy is moderately damaged.
The iguana bites your crimson imp.
Your crimson imp dies!
Your white imp hits the mummy but does no damage.
All of the chunks of flesh in your inventory have rotted away.
Unknown command.
You hit the mummy but do no damage.
The mummy is moderately damaged.
The mummy hits you.
* * * LOW HITPOINT WARNING * * *
Your white imp hits the mummy but does no damage.
You swap places.
An orc wizard comes into view. It is wielding a +0 dagger.
Your white imp hits the mummy but does no damage.
The iguana bites you!
You die...

*,,,,,,......o,,,,*******,,,,,,*
*,,,,,.......o.,,,* *,,,,,,*
*,,,,.........#,,********,,,,,,*
*,,,,.........#*,,,,,,,,,,,,,,,*
*,,,,......o..###,,,,,,,,,,,,,,*
*,,,,.........#.##,,,,,,,,,,,,,*
*,,,,.........#..##,,,,,,,,,,,,*
*,,,,.......<.ol.∩##.,,,,,******
*,,,,.........#M@##..,,,,,*
*,,,,o......$.#5##...,,,,,*
*****########.###....,,,,,*
#.##.....,,,,,* #.#...#,,,,,,**
##.....###***** #........#
#........# *****######........#


You could see a mummy, an iguana, an orc wizard, an orc and a friendly white
imp.

Vanquished Creatures
  An ooze (D:3)
  2 dart slugs (D:3)
  2 orcs (D:3)
  2 bats
  3 giant cockroaches
  A goblin (D:3)
  A hobgoblin (D:3)
  A kobold (D:3)
  3 rats
16 creatures vanquished.

Vanquished Creatures (collateral kills)
  A hound (D:3)
  3 adders
  A worm (D:3)
  A dart slug (D:1)
  A leopard gecko (D:2)
  6 orcs
  6 giant cockroaches
  A goblin (D:1)
  A hobgoblin (D:2)
  4 jackals (D:3)
  5 kobolds
  2 quokkas (D:3)
  A frilled lizard (D:1)
  A rat (D:3)
34 creatures vanquished.

Grand Total: 50 creatures vanquished

Notes
Turn   | Place    | Note
-------+----------+-------------------------------------------
     0 | D:1      | Roikka the Kobold Summoner began the quest for the Orb.
     0 | D:1      | Reached XP level 1. HP: 10/10 MP: 3/3
   460 | D:1      | Reached XP level 2. HP: 15/15 MP: 3/5
   464 | D:1      | Learned a level 2 spell: Call Imp
   865 | D:2      | Found a faded altar of an unknown god.
  1494 | D:3      | Reached XP level 3. HP: 17/19 MP: 2/6
  2171 | D:3      | Learned a level 3 spell: Call Canine Familiar
  2430 | D:3      | Found a glowing golden altar of the Shining One.
  2484 | D:3      | Reached XP level 4. HP: 19/24 MP: 3/8
  2970 | D:4      | Found a runed door.
  2970 | D:4      | Noticed TheNamelessOne's ghost (amateur OpSk)
  3400 | D:4      | Found a sand-covered staircase.
  3411 | D:4      | Slain by an iguana

Vault maps used:
D:1:      dpeg_arrival_simpleton_a, minmay_misc_feat_four_crosses
D:2:      chequers_ecumenical_altar_simple_redux
D:3:      tso_altar, chequers_serial_rivers_room_b
D:4:      marbit_many_paths, gup_ossuary_entry_pyramid, first_ration,
          ebering_ghost_reflecting_pool, kennysheep_generic_room_2

Skill      XL: |  1  2  3 |
---------------+----------+-----
Stealth        | 3 |  3.9
Dodging        | 3 |  3.3
Spellcasting   | |  2.9
Summonings     | |  4.6

Action                   |  1- 3 |  4- 6 || total
-------------------------+-------+-------++-------
Melee: Unarmed           |    37 |       ||    37
       Short sword       |    63 |    25 ||    88
 Cast: Summon Small Mamm |    20 |     2 ||    22
       Call Imp          |    18 |    13 ||    31
  Use: Scroll            |       |     1 ||     1
 Stab: Sleeping          |     6 |       ||     6
       Distracted        |     2 |       ||     2
  Eat: Chunk             |    14 |     4 ||    18
Armor: Robe              |    18 |    11 ||    29
Dodge: Dodged            |    94 |    53 ||   147

Table legend:
 A = Non-vault XP
 B = Vault XP
 C = Vault XP percentage of total XP
 D = Non-vault monster count
 E = Vault monster count
 F = Vault count percentage of total count
                 A         B        C        D         E       F
            +---------+---------+-------+---------+---------+-------
      Total |     127 |       0 |   0.0 |      50 |       0 |   0.0
            +---------+---------+-------+---------+---------+-------
        D:1 |      12 |       0 |   0.0 |       8 |       0 |   0.0
        D:2 |      15 |       0 |   0.0 |       8 |       0 |   0.0
        D:3 |      88 |       0 |   0.0 |      31 |       0 |   0.0
        D:4 |      12 |       0 |   0.0 |       3 |       0 |   0.0
            +---------+---------+-------+---------+---------+-------
